 Dungeon Crawl Stone Soup version 0.31-a0-986-g5e6e4ef867 (webtiles) character file.

Game seed: 9818627449453141418

2627 jestert79 the Martial Artist (level 9, -3/63 (64) HPs)
             Began as a Demonspawn Shapeshifter on Nov 8, 2023.
             Was a Priest of Qazlal.
             Slain by an orc
             ... wielding a +0 trident
              (5 damage)
             ... on level 6 of the Dungeon on Nov 9, 2023.
             The game lasted 00:26:23 (6188 turns).

jestert79 the Martial Artist (DsSh)                 Turns: 6188, Time: 00:26:23

HP:   -3/63 (64)    AC:  9    Str: 14    XL:     9   Next: 35%
MP:   12/12         EV: 10    Int: 16    God:    Qazlal [***...]
Gold: 298           SH:  4    Dex: 17    Spells: 8/8 levels left

rFire   . .          .
                       - Unarmed
rCold   . . .        (no shield)
rNeg    . . .        l - +3 scale mail {Will+}
rPois   .            (helmet currently unavailable)
rElec   .            (cloak currently unavailable)
rCorr   .            (gloves currently unavailable)
SInv    .            (boots currently unavailable)
Will    +....        (no amulet) Stlth
                     (no ring)
HPRegen 0.30/turn    (no ring)
MPRegen 0.13/turn

%: no passive effects
@: beast-form, lightly drained
A: beast (slay +3), big brain 2, demonic magic 2
a: Begin Untransformation, Renounce Religion, Upheaval, Elemental Force


You were on level 6 of the Dungeon.
You worshipped Qazlal.
Qazlal was most pleased with you.
You were a hulking beast.
You visited 1 branch of the dungeon, and saw 7 of its levels.

You collected 298 gold pieces.

Inventory:

Hand Weapons
 b - a +0 sling
Missiles
 a - 21 poisoned darts (quivered)
Armour
 l - a +3 scale mail of willpower (worn)
 s - a +0 robe of willpower
Jewellery
 n - a +6 ring of dexterity
 r - a ring of willpower
Talismans
 c - a beast talisman
 d - a flux talisman
Wands
 k - a wand of flame (75)
 m - a wand of paralysis (6)
 p - a wand of iceblast (10)
Scrolls
 e - a scroll of butterflies
 f - a scroll of enchant armour
 g - 2 scrolls of teleportation
 j - a scroll of torment
 o - a scroll of brand weapon {unknown}
 q - a scroll of fog {unknown}
Potions
 h - a potion of lignification
 i - a potion of invisibility
 t - 2 potions of curing


   Skills:
 + Level 3.3 Fighting
 + Level 2.8 Armour
 + Level 3.4 Dodging
 + Level 8.4 Unarmed Combat
 - Level 4.0 Invocations
 + Level 6.1 Shapeshifting


You had 8 spell levels left.
You didn't know any spells.
Your spell library contained the following spells:

 Spells                   Type           Power      Damage    Failure   Level
 Ozocubu's Armour         Ice            0%         N/A       97%         3
 Vhi's Electric Charge    Tloc/Air       0%         N/A       100%        4
 Arcjolt                  Conj/Air       0%         1d10      100%        5
 Metabolic Englaciation   Hex/Ice        0%         N/A       100%        5
 Simulacrum               Ice/Necr       0%         N/A       100%        6
 Maxwell's Capacitive Co  Air            0%         ∞         100%        8


Dungeon Overview and Level Annotations

Branches:
Dungeon (7/15)
 Temple: D:4-7

Altars:
Dithmenos
Qazlal
Uskayaw
Vehumet

Shops:
D:1 :   D:6 (

Annotations:
D:3 1 runed translucent door, Crazy Yiuf


Innate Abilities, Weirdness & Mutations

You are a hulking beast.
Your limbs bulge with bestial killing power. (Slay +3)
You have an extremely huge brain. (Int +4)
Spells you cast may paralyse nearby enemies.


Message History

The orc wizard hits you but does no damage.
You hit the orc warrior but do no damage.
The orc warrior is lightly wounded.
The orc warrior hits you with a +0 flail.
The orc hits you but does no damage. The orc wizard casts a spell at you.
The magic dart hits you but does no damage.
You hit the orc warrior but do no damage.
You punch the orc warrior.
The orc warrior is lightly wounded.
The orc warrior barely misses you. The orc hits you but does no damage.
The orc wizard casts a spell.
The orc wizard flickers and vanishes!
Deactivating autopickup; reactivate with Ctrl-A.
You hit the orc warrior.
The orc warrior is moderately wounded.
The orc warrior misses you. The orc barely misses you. Something hits you.
Unknown command.
You hit the orc warrior but do no damage.
The orc warrior is moderately wounded.
The orc warrior hits you with a +0 flail!
The orc hits you but does no damage. Something hits you.
Unknown command.
You punch the orc warrior! Your punch misses the orc warrior.
The orc warrior is severely wounded.
Unknown command.
You hit the orc warrior but do no damage.
You punch the orc warrior.
The orc warrior is almost dead.
The orc warrior misses you. The orc hits you with a +0 trident!
* * * LOW HITPOINT WARNING * * *
Something hits you.
* * * LOW HITPOINT WARNING * * *
Unknown command.
You closely miss the orc warrior. You punch the orc warrior.
The orc warrior is almost dead.
The orc warrior hits you with a +0 flail!
* * * LOW HITPOINT WARNING * * *
The orc hits you with a +0 trident.
You die...

#.......##..#####..#...#....#)##.
#...######.....# #...#.####.##.
#...## #.....### #####.# #)###
.....# #.......### ##)# #.##
####.## #.........####.## #..##
#..## #.......##...#.# ##..#
#####..####...####..#...# ##.(
..# ##...##.#.###{...#..# ##.
#.## ###.#..#.##h[##.#..#### #.
#..#####.#.....oo###.......#####.
##...##....##.####.....###....##.
###....#.###...#......# ####.##.
# #..##.#.#####........# #.##.
###..##.#..#####.......# #....
##...##.##...# #.......# #####
##.#.#..####.###.......# #
#..#...## #..##.......# #


You could see an orc warrior and an orc.

Vanquished Creatures
  Pikel (D:6)
  Prince Ribbit (D:4)
  A water moccasin (D:4)
  Duvessa (D:6)
  A black bear (D:6)
  2 ogres (D:4)
  A lemure (D:6)
  2 phantoms (D:6)
  Blork the orc (D:6)
  A kobold brigand (D:6)
  A bullfrog (D:6)
  2 scorpions
  2 wights
  Dowan (D:6)
  A howler monkey (D:6)
  3 jellies (D:6)
  2 orc priests
  6 hounds
  Natasha (thrice) (D:2)
  Ijyb (D:3)
  2 iguanas (D:5)
  4 orc wizards
  2 sleepcaps
  3 gnolls (D:4)
  6 adders
  A shadow imp (D:6)
  2 worms
  A dart slug (D:5)
  22 orcs
  10 ball pythons
  5 bats
  6 endoplasms
  2 giant cockroaches
  4 goblins
  6 hobgoblins
  4 jackals (D:3)
  5 quokkas
  A frilled lizard (D:1)
  15 kobolds
  4 rats
139 creatures vanquished.

Notes
Turn   | Place    | Note
-------+----------+-------------------------------------------
     0 | D:1      | jestert79 the Demonspawn Shapeshifter began the quest for
                  | the Orb.
     0 | D:1      | Reached XP level 1. HP: 15/15 MP: 1/1
     4 | D:1      | Found a faded altar of an unknown god.
    67 | D:1      | Prayed at the altar of an unknown god.
    67 | D:1      | Became a worshipper of Qazlal Stormbringer
    67 | D:1      | Reached * piety under Qazlal
   234 | D:1      | Reached skill level 3 in Unarmed Combat
   312 | D:1      | Gained mutation: You have an unusually large brain. (Int
                  | +2) [demonic ancestry]
   312 | D:1      | Reached XP level 2. HP: 17/21 MP: 2/2
   449 | D:1      | Found Etredafa's Book Emporium.
   894 | D:2      | Noticed Natasha
  1010 | D:2      | Reached XP level 3. HP: 15/26 MP: 3/3
  1068 | D:2      | Killed Natasha
  1154 | D:2      | Noticed Natasha
  1165 | D:2      | Killed Natasha
  1166 | D:2      | Reached skill level 4 in Unarmed Combat
  1166 | D:2      | Gained mutation: You have an extremely huge brain. (Int +4)
                  | [demonic ancestry]
  1166 | D:2      | Reached XP level 4. HP: 7/32 MP: 4/4
  1516 | D:2      | Noticed Natasha
  1522 | D:2      | Killed Natasha
  1522 | D:2      | Reached ** piety under Qazlal
  1557 | D:2      | You fall into a shaft and drop 1 floor!
  1927 | D:3      | Noticed Ijyb
  1943 | D:3      | Killed Ijyb
  1944 | D:3      | Reached XP level 5. HP: 14/37 MP: 2/5
  2397 | D:3      | Reached skill level 5 in Unarmed Combat
  2443 | D:3      | Found a runed translucent door.
  2444 | D:3      | Noticed Crazy Yiuf
  2507 | D:3      | Found a hide-covered altar of Uskayaw.
  3115 | D:4      | Found a shadowy altar of Dithmenos.
  3117 | D:4      | Found a radiant altar of Vehumet.
  3159 | D:4      | Reached XP level 6. HP: 35/43 MP: 6/6
  3273 | D:4      | Reached *** piety under Qazlal
  3291 | D:4      | Reached skill level 1 in Invocations
  3776 | D:4      | Noticed a water moccasin
  3783 | D:4      | Killed a water moccasin
  3784 | D:4      | Reached skill level 6 in Unarmed Combat
  3784 | D:4      | Reached XP level 7. HP: 48/48 MP: 4/9
  3961 | D:5      | Entered Level 5 of the Dungeon
  4037 | D:5      | Noticed Prince Ribbit
  4051 | D:4      | Killed Prince Ribbit
  4405 | D:5      | Reached skill level 7 in Unarmed Combat
  4463 | D:5      | Gained mutation: Spells you cast may paralyse adjacent
                  | enemies. [demonic ancestry]
  4463 | D:5      | Reached XP level 8. HP: 54/54 MP: 11/11
  4472 | D:5      | Reached skill level 5 in Shapeshifting
  5290 | D:6      | Noticed Duvessa
  5293 | D:6      | Noticed Pikel
  5294 | D:6      | Reached skill level 1 in Armour
  5294 | D:6      | Reached skill level 8 in Unarmed Combat
  5294 | D:6      | Noticed Dowan
  5294 | D:6      | Noticed Blork the orc
  5319 | D:6      | Killed Blork the orc
  5400 | D:6      | Killed Duvessa
  5418 | D:6      | Killed Dowan
  5430 | D:6      | Gained mutation: Spells you cast may paralyse nearby
                  | enemies. [demonic ancestry]
  5430 | D:6      | Reached XP level 9. HP: 58/62 MP: 12/12
  5738 | D:6      | Found Dixublac's Antique Weapon Shop.
  5754 | D:6      | Killed Pikel
  6126 | D:7      | Noticed a cyan ugly thing
  6188 | D:6      | HP: 2/63 [orc warrior/+0 flail (12)]
  6188 | D:6      | Slain by an orc

Illustrated notes

Levels and vault maps discovered:
D:1:      wander_arrival_peaceful_grave, layout_loops_ring,
          hellmonk_ecumenical_altar_arch_garden, serial_aquarium,
          aquarium_bridge_long_joined [aquarium_subvault_wall,
          aquarium_subvault_bridge, aquarium_subvault_wall,
          aquarium_subvault_wall, aquarium_subvault_balcony,
          aquarium_subvault_wall], aquarium_window_2, aquarium_window_fake,
          aquarium_window_corridor_1, aquarium_view_2d, aquarium_balcony_5b,
          aquarium_pool_1, serial_shops, shop
D:2:      layout_loops_ring, uniq_natasha
D:3:      layout_basic, lemuel_coloured_pillars_altar, uniq_ijyb,
          uniq_crazy_yiuf_cottage
D:4:      layout_basic, nicolae_overflow_hidden_temple
D:5:      layout_basic, uniq_prince_ribbit1
D:6:      layout_rooms, zin_scriptorium, serial_shops, kennysheep_mini,
          uniq_blork_the_orc, uniq_pikel, uniq_duvessa
D:7:      layout_rooms, minmay_temple_entry_overgrown, minmay_manual_mess

Skill      XL: |  1  2  3  4  5  6  7  8  9 |
---------------+----------------------------+-----
Unarmed Combat | 3 4 5 6 7 8 |  8.4
Shapeshifting  | 3 4 5 6 |  6.1
Invocations    | 2 4 |  4.0
Dodging        | 2 3 |  3.4
Armour         | 1 2 |  2.8
Fighting       | 2 3 |  3.3

Action                     |  1- 3 |  4- 6 |  7- 9 || total
---------------------------+-------+-------+-------++-------
  Melee: Unarmed           |    72 |   181 |   191 ||   444
         Punch             |     1 |     7 |     8 ||    16
   Fire: Sling             |    15 |     4 |     2 ||    21
  Throw: Dart              |       |     1 |    11 ||    12
 Invoke: Upheaval          |       |     2 |     6 ||     8
  Evoke: Wand              |       |     3 |     3 ||     6
    Use: Scroll            |       |     8 |     4 ||    12
         Potion            |       |     2 |       ||     2
   Stab: Paralysed         |       |       |     2 ||     2
 Armour: Animal skin       |     8 |       |       ||     8
         Ring mail         |    32 |    32 |       ||    64
         Skin              |       |     3 |       ||     3
         Scale mail        |       |    76 |   126 ||   202
  Dodge: Dodged            |    27 |    45 |    67 ||   139
  Block: Other             |     4 |    12 |    27 ||    43

Table legend: (Time is in decaauts)
 A = Elapsed time spent in this place.
 B = Non-inter-level travel time spent in this place.
 C = Inter-level travel time spent in this place.
 D = Time resting spent in this place.
 E = Time spent auto-exploring this place.
 F = Levels seen in this place.
 G = Mean time per level.
                   A        B        C        D        E       F      G
               +--------+--------+--------+--------+--------+-----+--------+
         Total |   6161 |   5602 |    559 |   1193 |   2944 |   7 |  880.1 |
       Dungeon |   6161 |   5602 |    559 |   1193 |   2944 |   7 |  880.1 |
               +--------+--------+--------+--------+--------+-----+--------+

Top non-repeatable levels by time:
     D:6: 1281 daAuts
     D:4: 1098 daAuts
     D:3: 1020 daAuts
     D:1: 1007 daAuts
     D:2: 942 daAuts
     D:5: 796 daAuts
     D:7: 13 daAuts
